 Dungeon Crawl Stone Soup version 0.28-a0-1435-g82390b3a13 (webtiles) character file.

Game seed: 5658748940692233776

11563 wakim the Grappler (level 11, -1/90 (115) HPs)
             Began as a Troll Hunter on Jan 9, 2022.
             Was a Believer of Qazlal.
             Slain by Sonja (2 damage)
             ... on level 10 of the Dungeon.
             The game lasted 00:39:10 (9396 turns).

wakim the Grappler (Troll Hunter)                   Turns: 9396, Time: 00:39:10

HP:   -1/90 (115)   AC:  9    Str: 25    XL:     11   Next: 51%
MP:   23/23         EV:  9    Int:  7    God:    Qazlal [**....]
Gold: 386           SH:  3    Dex: 16    Spells: 10/10 levels left

rFire   . . .      SeeInvis .     - Unarmed
rCold   + + +      Faith    .   F - orb {mayhem}
rNeg    . . .      Spirit   .   W - +0 swamp dragon scales
rPois   +          Reflect  .   I - +0 hat of Reason {rC++ Dex+2}
rElec   .          Harm     +   V - scarf {harm}
rCorr   .          Rampage  .   (gloves unavailable)
Will    .....                   (boots unavailable)
Stlth   +.........              H - amulet of the acrobat
HPRegen 1.05/turn               A - ring of protection from cold
MPRegen 0.18/turn               O - ring "Fimuc" {Fly rPois MP+9 Str+3}

@: flying, heavily drained
A: large, unfitting armour, claws 3, regeneration 1, shaggy fur 1, tough skin 1
a: Renounce Religion, Upheaval


You were on level 10 of the Dungeon.
You worshipped Qazlal.
Qazlal was pleased with you.
You visited 2 branches of the dungeon, and saw 11 of its levels.

You collected 414 gold pieces.
You spent 28 gold pieces at shops.

Inventory:

Missiles
 c - 5 large rocks {=f}
 f - 4 silver javelins
 s - 222 stones
 y - 19 poisoned darts (quivered)
 L - 2 throwing nets {=f!f}
 R - 5 atropa-tipped darts
 Y - 7 boomerangs
Armour
 F - an orb of mayhem (worn)
 I - the +0 hat of Reason (worn) {rC++ Dex+2}
   (You found it on level 10 of the Dungeon)

   Dex:       It affects your dexterity (+2).
   rC:        It greatly protects you from cold.
 V - a scarf of harm (worn)
 W - +0 swamp dragon scales (worn)
 X - a +2 robe of willpower
Jewellery
 A - a ring of protection from cold (left claw)
 H - an amulet of the acrobat (around neck)
 N - the ring "Xumorph" {*Corrode rPois Will+ Str+2 Dex+4}
   (You found it on level 4 of the Dungeon)

   [ring of poison resistance]

   Str:       It affects your strength (+2).
   Dex:       It affects your dexterity (+4).
   rPois:     It protects you from poison.
   *Corrode:  It may corrode you when you take damage.
   Will:      It increases your willpower.
 O - the ring "Fimuc" (right claw) {Fly rPois MP+9 Str+3}
   (You acquired it on level 8 of the Dungeon)

   [ring of flight]

   Str:       It affects your strength (+3).
   rPois:     It protects you from poison.
   MP:        It affects your magic capacity (+9).
   Fly:       It grants you flight.
 P - a ring of resist corrosion
 Q - a ring of fire
Wands
 u - a wand of mindburst (20)
 v - a wand of flame (42)
 x - a wand of charming (13)
 z - a wand of polymorph (3)
Scrolls
 T - 4 scrolls of teleportation
 U - 3 scrolls of fear
 Z - a scroll of silence {!r}
Potions
 D - 3 potions of brilliance
 E - a potion of cancellation
 K - 4 potions of magic
 M - a potion of mutation {!q}


   Skills:
 * Level 9.6 Fighting
 + Level 7.5 Throwing
 - Level 1.5 Dodging
 - Level 0.3 Stealth
 * Level 11.1 Unarmed Combat
 + Level 5.7 Invocations


You had 10 spell levels left.
You didn't know any spells.
Your spell library contained the following spells:

 Spells                   Type           Power      Damage    Failure   Level
 Magic Dart               Conj           0%         1d3       58%         1
 Blink                    Tloc           0%         N/A       73%         2
 Call Imp                 Summ           0%         N/A       73%         2
 Sublimation of Blood     Necr           0%         N/A       73%         2
 Wereblood                Tmut           0%         N/A       73%         2
 Mephitic Cloud           Conj/Pois/Air  0%         N/A       91%         3
 Airstrike                Air            0%         N/A       100%        4
 Dispel Undead            Necr           0%         3d6       100%        4
 Summon Lightning Spire   Summ/Air       0%         N/A       100%        4
 Borgnjor's Vile Clutch   Necr/Erth      0%         N/A       100%        5
 Fireball                 Conj/Fire      0%         3d3       100%        5
 Lightning Bolt           Conj/Air       0%         1d11      100%        5
 Manifold Assault         Tloc           0%         N/A       100%        5
 Starburst                Conj/Fire      0%         6d3       100%        6
 Storm Form               Tmut/Air       0%         N/A       100%        7
 Summon Hydra             Summ           0%         N/A       100%        7
 Ignition                 Fire           0%         3d3       100%        8
 Death's Door             Necr           0%         N/A       100%        9


Dungeon Overview and Level Annotations

Branches:
Dungeon (10/15)            Temple (1/1) D:5            Lair (0/6) D:8
    Orc: D:9-12

Altars:
Ashenzari
Cheibriados
Dithmenos
Elyvilon
Fedhas
Gozag
Hepliaklqana
Kikubaaqudgha
Makhleb
Nemelex Xobeh
Okawaru
Qazlal
Ru
Sif Muna
Trog
Uskayaw
Vehumet
Wu Jian
Xom
Yredelemnul
Zin
The Shining One

Shops:
D:1 *   D:9 (   D:10 *

Annotations:
D:10 Sonja


Innate Abilities, Weirdness & Mutations

You are too large for most types of armour.
You have claws for hands.
Your natural rate of healing is unusually fast.
You are covered in fur. (AC +1)
You have tough skin. (AC +1)


Message History

* * * LOW HITPOINT WARNING * * *
You feel much better.
You hear some strange, mumbled words.
You claw the yak!
The yak is moderately wounded.
The yak gores you!
* * * LOW HITPOINT WARNING * * *
You scratch the yak.
The yak is heavily wounded.
The yak gores you.
* * * LOW HITPOINT WARNING * * *
You claw the yak!
The yak is almost dead.
You hear a zap.
Something tries to affect you, but you resist.
The yak gores you.
* * * LOW HITPOINT WARNING * * *
You mangle the yak!!
You kill the yak!
Qazlal accepts your kill.
A curare-tipped dart appears from out of thin air!
The curare-tipped dart hits you.
You see here a yak corpse.
Something hits you but does no damage.
You feel drained. Something hits you.
* * * LOW HITPOINT WARNING * * *
You feel drained.
* * * LOW HITPOINT WARNING * * *
Something barely misses you.
Okay, then.
As you read the scroll of summoning, it crumbles to dust.
Wisps of shadow whirl around you... Something hits you.
* * * LOW HITPOINT WARNING * * *
You feel drained.
* * * LOW HITPOINT WARNING * * *
Something hits you.
* * * LOW HITPOINT WARNING * * *
You feel drained.
* * * LOW HITPOINT WARNING * * *
Something hits you but does no damage.
You feel drained. Something hits you.
You die...

#......# #.####.# #.#
#.## ##### #.# #..#
....## #.# ##o# #
##...# #.# #.# .#
#..### #.# #o# . # #.##
#.# #o# .###.# #.# #.#
#@# #.§(... #.# ##<#
#.####Y...... #[#
###..# #V##..K# ..#
#)..## #.#.y###
.######)### ##...##
..#.......## #...##
#...#####..####..######
....## ##.............#
###..# #.....#.#≈≈≈≈≈≈


You could see a friendly vampire (summoned), a friendly orc warrior (summoned),
a friendly orc wizard (summoned) and a friendly orc (summoned).

Vanquished Creatures
  A hydra (D:10)
  A two-headed ogre (D:9)
  Nergalle (D:10)
  A deep elf pyromancer (D:10)
  An ugly thing (D:8)
  Joseph (D:7)
  3 centaur zombies (D:10)
  A gargoyle (D:10)
  2 unseen horrors (D:10)
  Maggie (D:6)
  2 trolls
  A hornet (D:9)
  Prince Ribbit (D:6)
  A wyvern (D:10)
  2 wraiths (D:10)
  6 yaks
  2 vampire mosquitoes (D:10)
  Eustachio (D:6)
  Menkaure (D:4)
  An acid dragon (D:9)
  A water moccasin (D:5)
  Duvessa (D:6)
  2 ice beasts
  7 orc warriors
  A black bear (D:5)
  A wolf (D:8)
  2 ogres
  A phantom (D:5)
  2 centaurs
  A gnoll sergeant (D:10)
  A scorpion (D:4)
  A killer bee (D:10)
  7 wights
  6 electric eels
  3 howler monkeys
  2 centaur skeletons
  3 orc priests
  4 hounds
  3 iguanas
  Jessica (D:2)
  Ijyb (D:4)
  3 bullfrog skeletons
  A gnoll shaman (D:8)
  7 orc wizards
  3 gnolls (D:8)
  10 adders
  2 white imps
  An ufetubus (D:4)
  A worm (D:3)
  5 dart slugs
  24 orcs
  7 endoplasms
  A giant cockroach (D:3)
  3 goblins
  2 hobgoblins
  4 jackals (D:2)
  11 kobolds
  5 quokkas
  7 ball pythons
  5 bats
  6 frilled lizards
  4 rats
194 creatures vanquished.

Vanquished Creatures (collateral kills)
  Sigmund (D:6)
  A yak (D:9)
  2 wolves (D:8)
  An electric eel (D:8)
  A howler monkey (D:7)
  A hound (D:8)
  An orc wizard (D:10)
8 creatures vanquished.

Vanquished Creatures (others)
  A yak (D:9)
  A wolf (D:8)
  Dowan (D:6)
  A hound (D:8)
  10 plants
14 creatures vanquished.

Grand Total: 216 creatures vanquished

Notes
Turn   | Place    | Note
-------+----------+-------------------------------------------
     0 | D:1      | wakim the Troll Hunter began the quest for the Orb.
     0 | D:1      | Reached XP level 1. HP: 19/19 MP: 0/0
   188 | D:1      | Reached skill level 1 in Unarmed Combat
   241 | D:1      | Reached XP level 2. HP: 28/28 MP: 1/1
   262 | D:1      | Found Robrakon's General Store.
   916 | D:1      | Reached XP level 3. HP: 35/35 MP: 2/2
  1100 | D:2      | Noticed Jessica
  1106 | D:2      | Killed Jessica
  1107 | D:2      | Reached skill level 2 in Unarmed Combat
  1281 | D:2      | Reached XP level 4. HP: 44/44 MP: 3/3
  1510 | D:2      | You fall into a shaft and drop 2 floors!
  1575 | D:4      | Noticed an ice beast
  1613 | D:4      | Killed an ice beast
  1614 | D:4      | Reached skill level 3 in Unarmed Combat
  1614 | D:4      | Reached XP level 5. HP: 48/53 MP: 4/4
  1778 | D:4      | Noticed an ogre
  1789 | D:4      | Killed an ogre
  1790 | D:4      | Reached skill level 4 in Unarmed Combat
  1790 | D:4      | Reached XP level 6. HP: 62/62 MP: 5/5
  1876 | D:4      | Noticed Menkaure
  1894 | D:4      | Killed Menkaure
  2056 | D:4      | Got the Incunabulum of Stolen Souls
  2067 | D:4      | Identified the ring "Xumorph" {*Corrode rPois Will+ Str+2
                  | Dex+4}
  2205 | D:4      | Reached skill level 5 in Unarmed Combat
  2205 | D:4      | Reached XP level 7. HP: 61/71 MP: 6/6
  2306 | D:4      | Noticed Ijyb
  2367 | D:4      | Killed Ijyb
  3022 | D:3      | !bestwep
  4174 | D:5      | Entered Level 5 of the Dungeon
  4215 | D:5      | Reached skill level 5 in Fighting
  4354 | D:5      | Reached skill level 6 in Unarmed Combat
  4354 | D:5      | Reached XP level 8. HP: 44/81 MP: 7/7
  4512 | D:5      | Found a staircase to the Ecumenical Temple.
  4520 | Temple   | Entered the Ecumenical Temple
  4839 | Temple   | Became a worshipper of Qazlal Stormbringer
  5117 | D:6      | Noticed Maggie
  5131 | D:6      | Killed Maggie
  5132 | D:6      | Reached skill level 5 in Throwing
  5132 | D:6      | Reached skill level 1 in Invocations
  5236 | D:6      | Noticed Prince Ribbit
  5238 | D:6      | Noticed Duvessa
  5238 | D:6      | Noticed Sigmund
  5248 | D:6      | Noticed Dowan
  5252 | D:6      | Killed Duvessa
  5253 | D:6      | Reached skill level 7 in Unarmed Combat
  5260 | D:6      | Killed Sigmund
  5261 | D:6      | Killed Dowan
  5271 | D:6      | Killed Prince Ribbit
  5272 | D:6      | Reached XP level 9. HP: 92/92 MP: 9/9
  5516 | D:6      | Noticed a troll
  5525 | D:6      | Killed a troll
  5582 | D:6      | Noticed Eustachio
  5623 | D:6      | Killed Eustachio
  5879 | D:7      | Noticed Joseph
  5915 | D:7      | Killed Joseph
  5916 | D:7      | Reached skill level 8 in Unarmed Combat
  5970 | D:7      | Found a transporter.
  6001 | D:7      | Reached * piety under Qazlal
  6117 | D:7      | Found a transporter.
  6444 | D:7      | Identified the +5 falchion of Ylenehao {freeze, rPois
                  | rCorr}
  6451 | D:7      | !bestwep
  6705 | D:8      | Noticed a troll
  6710 | D:8      | Found a staircase to the Lair.
  6821 | D:7      | Killed a troll
  6874 | D:8      | Identified a scroll of acquirement
  6874 | D:8      | Acquired the ring "Fimuc" {Fly rPois MP+9 Str+3}
  6907 | D:8      | Reached XP level 10. HP: 104/104 MP: 11/11
  6968 | D:8      | Reached skill level 9 in Unarmed Combat
  7405 | D:8      | Noticed a green ugly thing
  7418 | D:8      | Killed a green ugly thing
  7708 | D:9      | Noticed a two-headed ogre
  7718 | D:9      | Killed a two-headed ogre
  7718 | D:9      | Reached ** piety under Qazlal
  7782 | D:9      | Found Atet's Antique Weapon Emporium.
  7946 | D:9      | Found a sacrificial altar of Ru.
  7982 | D:9      | HP: 4/106 [yak (19)]
  8582 | D:10     | Entered Level 10 of the Dungeon
  8597 | D:10     | Reached skill level 10 in Unarmed Combat
  8635 | D:10     | Found Datargh's General Store.
  8650 | D:10     | Identified the +0 hat of Reason {rC++ Dex+2}
  8678 | D:10     | Bought a scroll of identify for 28 gold pieces
  8721 | D:10     | Noticed a four-headed hydra
  8730 | D:10     | Killed a four-headed hydra
  8793 | D:10     | Reached skill level 5 in Invocations
  8841 | D:10     | Noticed a gargoyle
  8848 | D:10     | Reached XP level 11. HP: 59/113 MP: 13/13
  9062 | D:10     | Noticed a two-headed ogre
  9104 | D:10     | Noticed Nergalle
  9106 | D:10     | Noticed a spectral orc warlord
  9114 | D:10     | Killed Nergalle
  9157 | D:10     | Noticed a deep elf pyromancer
  9174 | D:10     | Killed a deep elf pyromancer
  9175 | D:10     | Reached skill level 11 in Unarmed Combat
  9368 | D:10     | Noticed Sonja
  9396 | D:10     | HP: 3/93 [something (4)]
  9396 | D:10     | HP: 1/91 [something (2)]
  9396 | D:10     | Slain by Sonja

Illustrated notes #...# #...# #...# #+ #...# #. #...# #. #...# #. #.### #.#########.# #..@........# #..########## #..# #..# #..# #..# #..# #..# Turn 3022 on D:3: !bestwep

#....#### #.......#
#........ #........
##....... ####........
#........... ####
####..)..... #@.####
#....<.#. #..+..+
#.....###
######'#..#+##........
##..##.......#....##..#
#.................##..#
##...##'#..#'##...##÷÷.
#...#..'..'[.#.##.).÷#
#...#|[#..#(.#......##
##..##########.....###


Turn 6451 on D:7: !bestwep

Levels and vault maps discovered:
D:1:      lemuel_arrival_broad_hall, layout_basic, serial_shops,
          nicolae_shop_temple_entry_statues_fountains, serial_forest,
          infiniplex_forest_clump_curved, infiniplex_forest_end_1,
          infiniplex_forest_end_1, infiniplex_forest_end_double,
          infiniplex_forest_lined_2, infiniplex_forest_straight_3
D:2:      layout_basic, uniq_jessica
D:3:      layout_basic, nrook_mini_backslash
D:4:      layout_loops_ring, serial_rivers, chequers_serial_rivers_small_3,
          chequers_serial_rivers_micro_e, chequers_serial_rivers_room_b,
          chequers_serial_rivers_large_b, uniq_menkaure, uniq_ijyb
D:5:      layout_cave_pools, minmay_temple_entry_mini_moons
D:6:      layout_rooms, uniq_prince_ribbit1, uniq_duvessa, uniq_sigmund,
          uniq_maggie, uniq_eustachio
D:7:      gammafunk_steamed_eel, layout_cave_pools, minivault_10, uniq_joseph
D:8:      layout_basic, erik_lair_island
D:9:      layout_loops_corners, lemuel_tele_altar, serial_shops, shop
D:10:     cheibrodos_ideogram_h, layout_rooms, serial_shops, shop, special_room
          [special_room_bee], uniq_nergalle, uniq_sonja
Temple:   regret_index_temple_sigil_plot

Skill      XL: |  1  2  3  4  5  6  7  8  9 10 11 |
---------------+----------------------------------+-----
Unarmed Combat | 1 2 3 4 5 6 7 8 10 11 | 11.1
Fighting       | 2 3 4 5 6 7 8 9 |  9.6
Throwing       | 4 5 6 7 |  7.5
Invocations    | 2 3 5 |  5.7
Dodging        | |  1.5
Stealth        | |  0.3

Action                   |  1- 3 |  4- 6 |  7- 9 | 10-12 || total
-------------------------+-------+-------+-------+-------++-------
Melee: Unarmed           |   109 |    71 |   222 |   174 ||   576
       Short sword       |     1 |       |       |       ||     1
       Punch             |     2 |     3 |     1 |       ||     6
Throw: Stone             |       |     2 |    33 |    14 ||    49
       Dart              |       |       |    42 |    48 ||    90
Invok: Upheaval          |       |       |       |     3 ||     3
Evoke: Wand              |       |       |     8 |     1 ||     9
  Use: Scroll            |       |       |    17 |     4 ||    21
       Potion            |       |       |       |     2 ||     2
 Stab: Sleeping          |       |       |     2 |       ||     2
       Distracted        |       |       |       |     1 ||     1
Armor: Robe              |    35 |    21 |    41 |       ||    97
       Swamp dragon scal |       |       |    10 |    71 ||    81
Dodge: Dodged            |    39 |    30 |   104 |    90 ||   263
Block: Orb               |       |       |     1 |    19 ||    20

Table legend: (Time is in decaauts)
 A = Elapsed time spent in this place.
 B = Non-inter-level travel time spent in this place.
 C = Inter-level travel time spent in this place.
 D = Time resting spent in this place.
 E = Time spent auto-exploring this place.
 F = Levels seen in this place.
 G = Mean time per level.
                   A        B        C        D        E       F      G
               +--------+--------+--------+--------+--------+-----+--------+
         Total |   9363 |   8652 |    711 |    260 |   4483 |  11 |  851.2 |
       Dungeon |   9024 |   8382 |    642 |    260 |   4243 |  10 |  902.4 |
        Temple |    338 |    269 |     69 |      0 |    240 |   1 |  338.0 |
               +--------+--------+--------+--------+--------+-----+--------+

Top non-repeatable levels by time:
     D:2: 1201 daAuts
     D:7: 1060 daAuts
     D:4: 1059 daAuts
     D:1: 1030 daAuts
     D:3: 908 daAuts
     D:9: 889 daAuts
     D:8: 834 daAuts
    D:10: 799 daAuts
     D:6: 699 daAuts
     D:5: 540 daAuts
  Temple: 338 daAuts
